 Dungeon Crawl Stone Soup version 0.31.0-11-ge490571c62 (webtiles) character file.

Game seed: 1835098454834667708

20 qw the Shooter (level 2, -9/16 HPs)
             Began as a Deep Elf Hunter on Feb 3, 2024.
             Mangled by Terence
             ... wielding a +2 heavy hand axe
              (11 damage)
             ... on level 2 of the Dungeon.
             The game lasted 00:00:02 (679 turns).

qw the Shooter (Deep Elf Hunter)                     Turns: 679, Time: 00:00:03

Health: -9/16      AC:  5    Str:  8    XL:     2   Next: 58%
Magic:  4/4        EV: 10    Int: 13    God:
Gold:   45         SH:  0    Dex: 18    Spells: 1/1 levels left

rFire   . . .        a - +0 shortbow
rCold   . . .        (shield currently unavailable)
rNeg    . . .        g - +0 ring mail
rPois   .            (no helmet)
rElec   .            (no cloak)
rCorr   .            (no gloves)
SInv    .            (no boots)
Will    .....        (no amulet)
Stlth   +            (no ring)
HPRegen 0.22/turn    (no ring)
MPRegen 0.09/turn

%: no passive effects
@: no status effects
A: no striking features
a: no special abilities


You were on level 2 of the Dungeon.
You visited 1 branch of the dungeon, and saw 2 of its levels.

You collected 45 gold pieces.


   Skills:
 - Level 1.5 Fighting
 + Level 6.3 Ranged Weapons
 - Level 2.4 Dodging
 - Level 1.2 Stealth


You had one spell level left.
You didn't know any spells.
Your spell library was empty.

Inventory:

Hand Weapons
 a - a +0 shortbow (weapon)
Armour
 g - a +0 ring mail (worn)
Potions
 i - a potion of curing

Dungeon Overview and Level Annotations

Branches:
Dungeon (2/15)

Altars:

Annotations:
D:2 Terence


Message History

You shoot an arrow. The arrow hits Terence!
Terence is moderately wounded.
The bat closely misses you. Terence completely misses you.
You shoot an arrow. The arrow closely misses Terence.
The arrow barely misses the hobgoblin.
The bat barely misses you. The bat closely misses you.
You shoot an arrow. The arrow hits Terence.
Terence is heavily wounded.
The bat hits you but does no damage. Terence barely misses you.
670 ||| RETREEEEATING.
Terence hits you with a +2 heavy hand axe.
The bat closely misses you. The hobgoblin barely misses you.
671 ||| RETREEEEATING.
The bat misses you.
672 ||| RETREEEEATING.
673 ||| RETREEEEATING.
The bat hits you. The bat closely misses you. The bat barely misses you.
674 ||| RETREEEEATING.
The bat hits you but does no damage.
You shoot an arrow. The arrow barely misses the bat.
The arrow misses the bat.
The arrow hits the hobgoblin!
You kill the hobgoblin!
The bat hits you but does no damage. The bat barely misses you.
You shoot an arrow. The arrow closely misses the bat.
The arrow completely misses the bat.
The bat hits you but does no damage. x3
You shoot an arrow. The arrow hits the bat.
You kill the bat!
The bat barely misses you.
You shoot an arrow.
The arrow hits Terence but does no damage.
Terence is heavily wounded.
Terence hits you with a +2 heavy hand axe!
Ouch! That really hurt!
You shoot an arrow. The arrow hits Terence.
Terence is severely wounded.
Terence hits you with a +2 heavy hand axe!
Ouch! That really hurt!
You die...
Terence says, "Rest in peace."

#... #.....
......
####.......
#.........b
#.#........
#..........
7###..........
7@@b..........
777...........
777.<...#..
7..#..#
~......#
7~~~.##..#
7777.. ..# ...
.. ... ...


You could see Terence and a bat.

Vanquished Creatures
  A dart slug (D:1)
  A giant cockroach (D:1)
  2 goblins (D:1)
  3 hobgoblins
  4 ball pythons (D:1)
  2 bats
  3 kobolds (D:1)
  2 rats (D:1)
18 creatures vanquished.

Notes
Turn   | Place    | Note
-------+----------+-------------------------------------------
     0 | D:1      | qw the Deep Elf Hunter began the quest for the Orb.
     0 | D:1      | Reached XP level 1. HP: 12/12 MP: 3/3
     0 | D:1      | 0 ||| qw: Version: 0.3-a-157-g843a77d
     0 | D:1      | 0 ||| qw: Game counter: 3931
     0 | D:1      | 0 ||| qw: Melee chars always use a shield: true
     0 | D:1      | 0 ||| qw: God list: Okawaru
     0 | D:1      | 0 ||| qw: Allow faded altars: false
     0 | D:1      | 0 ||| qw: Do Orc after clearing Dungeon:15 true
     0 | D:1      | 0 ||| qw: Do second Lair branch before Depths: true
     0 | D:1      | 0 ||| qw: Lair rune preference: random
     0 | D:1      | 0 ||| qw: Goals: Normal
     0 | D:1      | 0 ||| PLANNING D:1-11
   173 | D:1      | Reached XP level 2. HP: 16/16 MP: 4/4
   175 | D:1      | Reached skill level 6 in Ranged Weapons
   617 | D:1      | 617 ||| UPGRADING to +0 ring mail.
   627 | D:1      | 627 ||| DROPPING +0 leather armour.
   628 | D:1      | 628 ||| READING scroll labelled TEXKYRCHIELL.
   633 | D:1      | 633 ||| READING scroll labelled NIZUVEU OXKE.
   634 | D:1      | 634 ||| READING scroll labelled QEISER ASIRE.
   635 | D:1      | 635 ||| READING scroll labelled LITTER GAUGE.
   635 | D:1      | 635 ||| IDENTIFYING green potion
   636 | D:1      | 636 ||| DROPPING scroll of butterflies.
   664 | D:2      | Noticed Terence
   666 | D:2      | 666 ||| RETREEEEATING.
   670 | D:2      | 670 ||| RETREEEEATING.
   671 | D:2      | 671 ||| RETREEEEATING.
   672 | D:2      | 672 ||| RETREEEEATING.
   673 | D:2      | 673 ||| RETREEEEATING.
   674 | D:2      | 674 ||| RETREEEEATING.
   678 | D:2      | HP: 2/16 [Terence/+2 heavy hand axe (10)]
   679 | D:2      | Mangled by Terence

Levels and vault maps discovered:
D:1:      wheals_arrival_linesprint, layout_basic, minmay_tiny_reverse_x
D:2:      layout_basic, serial_undead, serial_undead_d, serial_undead_e,
          serial_undead_c, serial_undead_a, serial_undead_c, basic_altar,
          serial_shops, nicolae_shop_tiny_waterfront, serial_bayou_crossing,
          uniq_terence, uniq_natasha

Skill      XL: |  1  2 |
---------------+-------+-----
Ranged Weapons | 6 |  6.3
Fighting       | |  1.5
Dodging        | |  2.4
Stealth        | |  1.2

Action                     || total
---------------------------++-------
   Fire: Shortbow          ||    55
    Use: Scroll            ||     4
 Armour: Leather armour    ||     5
         Ring mail         ||    13
  Dodge: Dodged            ||    17

Table legend:
 A = Non-vault XP
 B = Vault XP
 C = Vault XP percentage of total XP
 D = Non-vault monster count
 E = Vault monster count
 F = Vault count percentage of total count
                 A         B        C        D         E       F
            +---------+---------+-------+---------+---------+-------
      Total |      26 |       3 |  10.3 |      16 |       2 |  11.1
            +---------+---------+-------+---------+---------+-------
        D:1 |      23 |       3 |  11.5 |      14 |       2 |  12.5
        D:2 |       3 |       0 |   0.0 |       2 |       0 |   0.0
            +---------+---------+-------+---------+---------+-------
